 Dungeon Crawl Stone Soup version 0.30-a0-1163-gf69bf04e7a (webtiles) character file.

Game seed: 10479617752130156390

58 FlurksSlurper the Sneak (level 3, 0/27 HPs)
             Began as a Demonspawn Brigand on Apr 28, 2023.
             Killed from afar by Natasha (8 damage)
             ... with a magic dart
             ... on level 2 of the Dungeon.
             The game lasted 00:02:40 (1283 turns).

FlurksSlurper the Sneak (Demonspawn Brigand)        Turns: 1283, Time: 00:02:41

Health: 0/27       AC:  3    Str: 11    XL:     3   Next: 76%
Magic:  3/3        EV: 12    Int: 14    God:
Gold:   66         SH:  0    Dex: 14    Spells: 2/2 levels left

rFire   + . .        a - +0 dagger (venom)
rCold   . . .        (no shield)
rNeg    . . .        b - +0 robe
rPois   .            (no helmet)
rElec   .            c - +0 cloak
rCorr   .            (no gloves)
SInv    .            (no boots)
Will    .....        (no amulet)
Stlth   +++          j - ring of protection from fire
HPRegen 0.24/turn    (no ring)
MPRegen 0.16/turn

%: no passive effects
@: flying, slowed, very slow
A: magic regeneration
a: no special abilities


You were on level 2 of the Dungeon.
You visited 1 branch of the dungeon, and saw 2 of its levels.

You collected 66 gold pieces.

Inventory:

Hand Weapons
 a - a +0 dagger of venom (weapon)
 g - a +2 dagger
Missiles
 d - 9 poisoned darts (quivered)
 e - 3 curare-tipped darts
Armour
 b - a +0 robe (worn)
 c - a +0 cloak (worn)
Jewellery
 j - a ring of protection from fire (left hand)
Scrolls
 f - 2 scrolls of identify {unknown}
 h - a scroll of poison {unknown}
 k - a scroll of vulnerability {unknown}


   Skills:
 + Level 2.1 Fighting
 + Level 2.1 Short Blades
 + Level 2.0 Throwing
 + Level 1.1 Dodging
 + Level 4.7 Stealth


You had 2 spell levels left.
You didn't know any spells.
Your spell library contained the following spells:

 Spells                   Type           Power      Damage    Failure   Level
 Necrotise                Necr           0%         1d4       28%         1
 Sublimation of Blood     Necr           0%         N/A       41%         2
 Vampiric Draining        Necr           0%         2d6       65%         3
 Petrify                  Tmut/Erth      0%         N/A       96%         4
 Agony                    Necr           0%         N/A       100%        5
 Irradiate                Conj/Tmut      0%         3d11      100%        5
 Summon Forest            Summ/Tloc      0%         N/A       100%        5
 Eringya's Noxious Bog    Tmut/Pois      0%         N/A       100%        6
 Summon Hydra             Summ           0%         N/A       100%        7


Dungeon Overview and Level Annotations

Branches:
Dungeon (2/15)

Altars:

Shops:
D:1 !

Annotations:
D:2 Natasha


Innate Abilities, Weirdness & Mutations

You regenerate magic rapidly.


Message History

Natasha hisses angrily.
Natasha wildly gestures.
Natasha shimmers violently.
You hit Natasha but do no damage.
Natasha stares at you and mumbles some strange words.
The magic dart hits you.
You barely miss Natasha. The ball python misses you. The ball python grabs you.
The ball python constricts you. Natasha closely misses you.
The ball python bites you. The ball python constricts you.
You hit Natasha.
Natasha is poisoned.
Natasha is lightly wounded.
Natasha stares at you and mumbles some strange words.
You feel yourself slow down. The ball python barely misses you.
The ball python constricts you.
Unknown command.
You barely miss Natasha.
Natasha is lightly wounded.
Natasha stares at you and mumbles some strange words.
The magic dart hits you.
The ball python bites you but does no damage.
The ball python constricts you.
You hit Natasha.
Natasha is moderately wounded.
The ball python bites you but does no damage.
The ball python constricts you. Natasha closely misses you. Natasha claws you.
* * * LOW HITPOINT WARNING * * *
The ball python bites you.
* * * LOW HITPOINT WARNING * * *
The ball python constricts you.
It was a potion of flight.
You feel very buoyant.
You fly up into the air.
The ball python closely misses you. The ball python constricts you.
Natasha claws you but does no damage.
The ball python bites you but does no damage.
The ball python constricts you.
Unknown command.
You escape the ball python's grasp.
Found a stone staircase leading down.
Natasha casts a spell at you. The magic dart hits you!
You die...

...... ....##..........!.
... .....................
....... ................
...... .............#+#
.....#+# #..............
.....#.###.....##.......
.....#...........h......
#.....#.........S........
.######....###..@........
...........# #...........
...........# #..........#
...........# #..........#
.........### #..........#
.........+ +..........#
#........# #..........#
#........# ####.....>.
######...#


You could see Natasha (poisoned) and a ball python.

Vanquished Creatures
  An adder (D:2)
  An ufetubus (D:2)
  2 dart slugs
  3 ball pythons
  5 endoplasms (D:1)
  4 giant cockroaches
  5 goblins (D:1)
  2 hobgoblins
  2 quokkas
  2 bats (D:1)
  2 frilled lizards
  4 kobolds
  2 rats
  A spectral hobgoblin (D:2)
36 creatures vanquished.

Notes
Turn   | Place    | Note
-------+----------+-------------------------------------------
     0 | D:1      | FlurksSlurper the Demonspawn Brigand began the quest for
                  | the Orb.
     0 | D:1      | Reached XP level 1. HP: 16/16 MP: 1/1
    18 | D:1      | Found Tyxucol's Distillery.
   152 | D:1      | Reached skill level 4 in Stealth
   167 | D:1      | Gained mutation: You regenerate magic rapidly. [demonic
                  | ancestry]
   167 | D:1      | Reached XP level 2. HP: 22/22 MP: 2/2
   425 | D:1      | Reached skill level 1 in Dodging
   561 | D:1      | Reached XP level 3. HP: 17/27 MP: 3/3
   996 | D:2      | Found a faded altar of an unknown god.
  1271 | D:2      | Noticed Natasha
  1283 | D:2      | Killed from afar by Natasha

Illustrated notes

Levels and vault maps discovered:
D:1:      dpeg_arrival_rooms_b, layout_loops_cross, serial_shops, shop_fountains
D:2:      layout_basic, dreamdust_ecumenical_altar_drowned_temple,
          amcnicky_mini_pool_small, uniq_natasha

Skill      XL: |  1  2  3 |
---------------+----------+-----
Stealth        | 4 |  4.7
Dodging        | 1 |  1.1
Short Blades   | 2 |  2.1
Throwing       | 2 |  2.0
Fighting       | |  2.1

Action                     || total
---------------------------++-------
  Melee: Dagger            ||   110
         Punch             ||     2
  Throw: Dart              ||     4
    Use: Potion            ||     2
   Stab: Sleeping          ||     9
 Armour: Robe              ||    38
  Dodge: Dodged            ||    80

Table legend: (Time is in decaauts)
 A = Elapsed time spent in this place.
 B = Non-inter-level travel time spent in this place.
 C = Inter-level travel time spent in this place.
 D = Time resting spent in this place.
 E = Time spent auto-exploring this place.
 F = Levels seen in this place.
 G = Mean time per level.
                   A        B        C        D        E       F      G
               +--------+--------+--------+--------+--------+-----+--------+
         Total |   1270 |   1212 |     58 |      0 |    816 |   2 |  635.0 |
       Dungeon |   1270 |   1212 |     58 |      0 |    816 |   2 |  635.0 |
               +--------+--------+--------+--------+--------+-----+--------+

Top non-repeatable levels by time:
     D:1: 965 daAuts
     D:2: 305 daAuts
